 Dungeon Crawl Stone Soup version 0.26-a0-639-g72c4674329 (webtiles) character file.

Game seed: 1265033033325854355

235 Flugslaktarn the Skirmisher (level 5, -1/48 HPs)
             Began as a Minotaur Fighter on Sept 23, 2020.
             Succumbed to a killer bee's poison
             ... on level 7 of the Dungeon.
             The game lasted 00:00:54 (879 turns).

Flugslaktarn the Skirmisher (Minotaur Fighter)       Turns: 879, Time: 00:00:55

Health: -1/48      AC: 10    Str: 21    XL:     5   Next: 76%
Magic:  0/4        EV:  7    Int:  6    God:
Gold:   89         SH:  9    Dex:  9    Spells: 4/4 levels left

rFire    x . .     SeeInvis .   a - +0 war axe
rCold    + + .     Faith    .   c - +0 kite shield
rNeg     . . .     Spirit   +   n - +0 ice dragon scales
rPois    .         Reflect  .   (helmet unavailable)
rElec    .         Harm     .   (no cloak)
rCorr    .         Rampage  .   (no gloves)
MR       .....                  (no boots)
Stlth    ..........             r - amulet of guardian spirit
HPRegen  0.16/turn              (no ring)
MPRegen  0.09/turn              (no ring)

@: mighty, lethally poisoned (-1 -> -39), hasted, very quick
A: retaliatory headbutt, horns 3, mutation resistance 1
a: no special abilities


You were on level 7 of the Dungeon.
You visited 1 branch of the dungeon, and saw 5 of its levels.

You collected 89 gold pieces.

Inventory:

Hand Weapons
 a - a +0 war axe (weapon)
Armour
 b - a +0 scale mail
 c - a +0 kite shield (worn)
 n - +0 ice dragon scales (worn)
   (You found it on level 3 of the Dungeon)
Jewellery
 g - an uncursed ring of positive energy {unknown}
   (You found it on level 1 of the Dungeon)
 r - an amulet of guardian spirit (around neck)
   (You found it on level 7 of the Dungeon)
Scrolls
 e - 4 scrolls of remove curse {unknown}
 i - 2 scrolls of amnesia {unknown}
 m - a scroll of identify {unknown}
 o - 2 scrolls of random uselessness {unknown}
 p - a scroll of immolation {unknown}
Potions
 f - a potion of mutation
 h - a potion of haste
 j - a potion of lignification {unknown}
 k - a potion of ambrosia
 l - a potion of cancellation {unknown}
 q - a potion of resistance {unknown}


   Skills:
 * Level 5.3 Fighting
 * Level 4.6 Axes
 + Level 4.6 Armour
 + Level 4.6 Shields


You had 4 spell levels left.
You didn't know any spells.
Your spell library was empty.

Dungeon Overview and Level Annotations

Branches:
Dungeon (4/15)
 Temple: D:4-7

Altars:
Elyvilon
Nemelex Xobeh


Innate Abilities, Weirdness & Mutations

You reflexively headbutt those who attack you in melee.
You have a pair of large horns on your head.
You are somewhat resistant to further mutation.


Message History

The killer bee completely misses you. The killer bee barely misses you.
You furiously retaliate!
You headbutt the killer bee!
You kill the killer bee!
* * * LOW HITPOINT WARNING * * *
You feel sick. You block the killer bee's attack.
The killer bee stings you but does no damage.
You barely miss the killer bee.
You headbutt the killer bee, but do no damage.
The killer bee is heavily wounded.
You hit the killer bee.
* * * LOW HITPOINT WARNING * * *
You feel sick. The killer bee closely misses you.
The killer bee barely misses you. The killer bee stings you.
* * * LOW HITPOINT WARNING * * *
You are more poisoned.
The killer bee poisons you!
You closely miss the killer bee.
The killer bee is moderately wounded.
You closely miss the killer bee.
You die...

.. ....#....# ..#
#.......### #...
#.........# ..#.#
##.#(.....#
......#...#.#...###!#
#.....#..............
#.........#....###>.
#.......#####....#...#
##.....(..@y...........
#........#y..#........
#............#.......#
#.........#.#.#.).....#
#.............#........
#.........†#..#.....##
##..................###
##......?.)....).....#
.....................


You could see 2 killer bees.

Vanquished Creatures
  2 killer bees (D:7)
  A bullfrog skeleton (D:7)
  A worker ant (D:7)
  Robin (D:3)
  2 adders
  A white imp (D:7)
  2 dart slugs (D:1)
  2 orcs
  7 giant cockroaches
  12 goblins
  6 hobgoblins
  A quokka (D:3)
  5 bats
  A frilled lizard (D:3)
  8 kobolds
  2 rats
54 creatures vanquished.

Notes
Turn   | Place    | Note
-------+----------+-------------------------------------------
     0 | D:1      | Flugslaktarn the Minotaur Fighter began the quest for the
                  | Orb.
     0 | D:1      | Reached XP level 1. HP: 19/19 MP: 0/0
    75 | D:1      | Reached XP level 2. HP: 27/27 MP: 1/1
    92 | D:1      | Reached skill level 4 in Fighting
   245 | D:2      | Found a white marble altar of Elyvilon.
   254 | D:2      | Found a sparkling altar of Nemelex Xobeh.
   369 | D:3      | Reached XP level 3. HP: 33/33 MP: 2/2
   421 | D:3      | Noticed Robin
   443 | D:3      | Killed Robin
   532 | D:3      | Reached XP level 4. HP: 39/41 MP: 3/3
   762 | D:4      | You fall into a shaft and drop 3 floors!
   857 | D:7      | Reached skill level 5 in Fighting
   857 | D:7      | Reached XP level 5. HP: 43/48 MP: 2/4
   860 | D:7      | Gained mutation: You have a pair of large horns on your
                  | head. [potion of mutation]
   860 | D:7      | Gained mutation: You are somewhat resistant to further
                  | mutation. [potion of mutation]
   878 | D:7      | HP: 2/48 [poisoned by a killer bee]
   879 | D:7      | Succumbed to a killer bee's poison

Illustrated notes

Levels and vault maps discovered:
D:1:      dpeg_arrival_tiny_a, layout_rooms, minmay_worlds_worst_comb
D:2:      layout_basic, marbit_many_paths, grunt_temple_overflow_open,
          okawaru_metal_pillars_1_2
D:3:      layout_loops_ring, minmay_quadrilaterals, uniq_robin
D:4:      layout_gridville, nicolae_overflow_hidden_temple
D:7:      layout_cave_pools, hangedman_decor_lopped

Skill      XL: |  1  2  3  4 |
---------------+-------------+-----
Fighting       | 4 5 |  5.3
Axes           | 3 4 |  4.6
Armour         | 4 |  4.6
Shields        | 4 |  4.6

Action                   |  1- 3 |  4- 6 || total
-------------------------+-------+-------++-------
Melee: War axe           |    74 |    45 ||   119
       Headbutt          |    10 |     5 ||    15
  Use: Potion            |       |     4 ||     4
Armor: Scale mail        |    16 |       ||    16
       Ice dragon scales |     8 |    46 ||    54
Dodge: Dodged            |    27 |    23 ||    50
Block: Kite shield       |    38 |    36 ||    74

Table legend: (Time is in decaauts)
 A = Elapsed time spent in this place.
 B = Non-inter-level travel time spent in this place.
 C = Inter-level travel time spent in this place.
 D = Time resting spent in this place.
 E = Time spent auto-exploring this place.
 F = Levels seen in this place.
 G = Mean time per level.
                   A        B        C        D        E       F      G
               +--------+--------+--------+--------+--------+-----+--------+
         Total |    918 |    884 |     34 |      0 |    590 |   5 |  183.6 |
       Dungeon |    918 |    884 |     34 |      0 |    590 |   5 |  183.6 |
               +--------+--------+--------+--------+--------+-----+--------+

Top non-repeatable levels by time:
     D:3: 327 daAuts
     D:1: 238 daAuts
     D:4: 130 daAuts
     D:7: 121 daAuts
     D:2: 100 daAuts
